 Dungeon Crawl Stone Soup version 0.29-a0-8-g0446c0dae4 (webtiles) character file.

Game seed: 12397227918928822052

41 robertstho the Chiller (level 3, -3/27 HPs)
             Began as a Demigod Ice Elementalist on Jan 27, 2022.
             Slain by a bullfrog skeleton (4 damage)
             ... on level 3 of the Dungeon.
             The game lasted 00:03:11 (2073 turns).

robertstho the Chiller (Demigod Ice Elementalist)   Turns: 2073, Time: 00:03:12

Health: -3/27      AC:  3    Str:  9    XL:     3   Next: 16%
Magic:  9/9        EV: 12    Int: 21    God:
Gold:   78         SH:  0    Dex: 14    Spells: 5/6 levels left

rFire   . . .      SeeInvis .   c - +0 dagger
rCold   . . .      Faith    .   (no shield)
rNeg    . . .      Spirit   .   a - +0 robe
rPois   .          Reflect  .   (no helmet)
rElec   .          Harm     .   (no cloak)
rCorr   .          Rampage  .   (no gloves)
Will    .....                   f - +0 pair of boots
Stlth   ++........              e - amulet of the acrobat
HPRegen 0.09/turn               (no ring)
MPRegen 0.11/turn               (no ring)

@: no status effects
A: high mp 1, forlorn, divine attributes
a: no special abilities


You were on level 3 of the Dungeon.
You visited 1 branch of the dungeon, and saw 3 of its levels.

You collected 78 gold pieces.

Inventory:

Hand Weapons
 c - a +0 dagger (weapon)
Armour
 a - a +0 robe (worn)
 f - a +0 pair of boots (worn)
Jewellery
 e - an amulet of the acrobat (around neck)
 i - a ring of fire
Scrolls
 g - a scroll of blinking {unknown}
 h - a scroll of identify {unknown}
 k - a scroll of teleportation {unknown}
Potions
 b - a potion of curing {unknown}
 d - a potion of haste {unknown}
 j - 2 potions of attraction {unknown}


   Skills:
 * Level 0.5 Fighting
 + Level 2.0 Dodging
 + Level 2.0 Stealth
 * Level 2.2 Spellcasting
 + Level 4.1 Ice Magic


You had 5 spell levels left.
You knew the following spells:

 Your Spells              Type           Power      Damage    Failure   Level
a - Freeze                Ice            76%        1d9       2%          1

Your spell library contained the following spells:

 Spells                   Type           Power      Damage    Failure   Level
 Frozen Ramparts          Ice            38%        1d5       8%          3
 Ozocubu's Armour         Ice            19%        N/A       8%          3
 Corpse Rot               Necr/Air       4%         N/A       22%         2
 Hailstorm                Conj/Ice       11%        3d5       52%         4
 Dispel Undead            Necr           2%         3d7       82%         4
 Death Channel            Necr           1%         N/A       100%        6


Dungeon Overview and Level Annotations

Branches:
Dungeon (3/15)


Innate Abilities, Weirdness & Mutations

You have an increased reservoir of magic. (+10% MP)
You shall have no god before yourself.
Your divine heritage dramatically boosts your attributes as you level up.


Message History

A bat is nearby!
A bat is nearby!
A bullfrog skeleton comes into view.
The helpless bat fails to defend itself.
You puncture the bat!
You kill the bat!
You hit the bullfrog skeleton.
The bullfrog skeleton is lightly damaged.
The bullfrog skeleton barely misses you.
The bullfrog skeleton closely misses you.
You hit the bullfrog skeleton.
The bullfrog skeleton is lightly damaged.
The bullfrog skeleton hits you.
You hit the bullfrog skeleton.
The bullfrog skeleton is lightly damaged.
The bullfrog skeleton misses you.
You hit the bullfrog skeleton.
The bullfrog skeleton is moderately damaged.
The bullfrog skeleton hits you. The bullfrog skeleton misses you.
You barely miss the bullfrog skeleton.
The bullfrog skeleton is moderately damaged.
The bullfrog skeleton closely misses you.
You aren't carrying any items that you can evoke.
Unknown command.
You hit the bullfrog skeleton.
The bullfrog skeleton is moderately damaged.
The bullfrog skeleton hits you.
You hit the bullfrog skeleton but do no damage.
The bullfrog skeleton is moderately damaged.
The bullfrog skeleton hits you.
You barely miss the bullfrog skeleton.
The bullfrog skeleton is moderately damaged.
The bullfrog skeleton hits you.
* * * LOW HITPOINT WARNING * * *
The bullfrog skeleton hits you.
* * * LOW HITPOINT WARNING * * *
You barely miss the bullfrog skeleton.
The bullfrog skeleton is moderately damaged.
The bullfrog skeleton hits you.
You die...

#.#.# #...#.. #.#.#.#
#>#.#.# #.#.#.# #
####.#.#.#
#.#......#.#
###.#.##.###Z# ##
#...........@#
.########.##.##..#
.'...............#
.##.#.#...##.#...#
.........#.#.....#
###.#......#.........#
# #.#.##.#.##.#..###.#
###.#.........#..#
.......#.#.......#


You could see a bullfrog skeleton.

Vanquished Creatures
  2 dart slugs (D:1)
  4 ball pythons (D:1)
  An endoplasm (D:2)
  A giant cockroach (D:1)
  5 goblins
  3 hobgoblins
  5 quokkas
  6 bats
  A frilled lizard (D:2)
  2 kobolds (D:1)
  5 rats (D:1)
35 creatures vanquished.

Notes
Turn   | Place    | Note
-------+----------+-------------------------------------------
     0 | D:1      | robertstho the Demigod Ice Elementalist began the quest for
                  | the Orb.
     0 | D:1      | Reached XP level 1. HP: 14/14 MP: 5/5
   460 | D:1      | Reached XP level 2. HP: 16/20 MP: 5/7
   557 | D:1      | Reached skill level 4 in Ice Magic
  1303 | D:2      | Reached XP level 3. HP: 27/27 MP: 8/8
  2072 | D:3      | HP: 1/27 [bullfrog skeleton (6)]
  2073 | D:3      | Slain by a bullfrog skeleton

Illustrated notes

Levels and vault maps discovered:
D:1:      co_arrival_random_square_maze, layout_basic
D:2:      layout_loops_ring, basic_altar
D:3:      layout_basic, okawaru_trees_2,
          nicolae_gozag_cash_rules_everything_around_me, uniq_terence

Skill      XL: |  1  2 |
---------------+-------+-----
Ice Magic      | 4 |  4.1
Spellcasting   | 2 |  2.2
Stealth        | 2 |  2.0
Dodging        | 2 |  2.0
Fighting       | |  0.5

Action                   || total
-------------------------++-------
Melee: Dagger            ||    54
       Unarmed           ||     3
 Cast: Freeze            ||    36
 Stab: Sleeping          ||     4
Armor: Robe              ||    15
Dodge: Dodged            ||    63

Table legend: (Time is in decaauts)
 A = Elapsed time spent in this place.
 B = Non-inter-level travel time spent in this place.
 C = Inter-level travel time spent in this place.
 D = Time resting spent in this place.
 E = Time spent auto-exploring this place.
 F = Levels seen in this place.
 G = Mean time per level.
                   A        B        C        D        E       F      G
               +--------+--------+--------+--------+--------+-----+--------+
         Total |   2071 |   2015 |     56 |      0 |   1756 |   3 |  690.3 |
       Dungeon |   2071 |   2015 |     56 |      0 |   1756 |   3 |  690.3 |
               +--------+--------+--------+--------+--------+-----+--------+

Top non-repeatable levels by time:
     D:1: 1271 daAuts
     D:2: 738 daAuts
     D:3: 61 daAuts
